AoeStats
← 騷護士

Black Forest

509698858Analyzed
4v4 RM · 5d ago on Sep 27, 2026· 47m 3s· 8 players
Game mode
Random Map
Map size
Large (8 player)
Population
200
Speed
Normal
Resources
Standard
Victory
Conquest
Starting age
Dark Age
Ending age
Imperial Age
RankedLock teamsTeams togetherTeam positionsShared explorationLock speedFull tech treeHidden civsTurbo modeCheats
Victory
Defeat
🇦🇷 Danes · Argentina
1600
+14
🇭🇰 Britons · Hong Kong SAR China
1561
+15
🇳🇱 Magyars · Netherlands
1515
+17
🇧🇷 Cumans · Brazil
1512
+17
🇫🇷 Varangians · France
1590
-18
🇹🇼 Khmer · Taiwan
1579
-17
🇹🇼 Japanese · Taiwan
1570
-17
🇬🇧 Sicilians · United Kingdom
1432
-11
Julio2
10:51 Feudal Age
11:27 Double-Bit Axe
16:02 Wheelbarrow
20:23 Castle Age
19:48 Gold Mining
19:38 Horse Collar
20:23 Scale Barding Armor
22:25 Forging
24:02 Gold Shaft Mining
24:50 Chain Barding Armor
25:48 Bloodlines
27:04 Iron Casting
30:26 Bow Saw
35:18 Imperial Age
33:03 Hand Cart
33:07 Town Watch
35:26 Cavalier
36:42 Plate Barding Armor
35:49 Capped Ram
40:07 Heavy Plow
39:48 Fishing Lines
42:15 Paladin
44:56 Blast Furnace
Rien
3:18 Loom
11:41 Feudal Age
20:58 Wheelbarrow
26:41 Horse Collar
30:02 Wheelbarrow
36:15 Double-Bit Axe
40:00 Castle Age
41:28 Bow Saw
43:20 Caravan
44:25 Town Watch
44:46 Fletching
44:56 Padded Archer Armor
45:37 Hand Cart
49:57 Imperial Age
RustyCrowHK
1:03 Loom
10:07 Feudal Age
13:47 Double-Bit Axe
14:57 Fletching
17:01 Horse Collar
22:01 Castle Age
20:23 Gold Mining
23:10 Bow Saw
23:15 Heavy Plow
25:10 Gold Shaft Mining
24:27 Stone Mining
25:08 Bodkin Arrow
31:08 Imperial Age
29:33 Wheelbarrow
29:46 Padded Archer Armor
30:42 Leather Archer Armor
31:12 Fishing Lines
32:56 Two-Man Saw
31:59 Bracer
33:01 Chemistry
33:42 Conscription
34:18 Ring Archer Armor
34:37 Hand Cart
34:08 Town Watch
35:08 Ballistics
35:05 Elite Longbowman
36:23 Yeomen
37:39 Warwolf
39:52 Fortified Wall
39:54 Masonry
41:10 Caravan
44:06 Hoardings
46:03 Architecture
45:30 Murder Holes
45:27 Guard Tower
таҗик
11:36 Feudal Age
12:13 Double-Bit Axe
15:11 Castle Age
13:48 Fishing Lines
15:44 Gillnets
20:52 Wheelbarrow
20:35 Gold Mining
20:59 Bow Saw
24:32 Loom
25:41 Hand Cart
29:29 Imperial Age
27:20 Squires
27:06 Arson
27:22 Scale Mail Armor
27:32 Forging
29:00 Chain Mail Armor
31:12 Forging
30:26 Elite Varangian Guard
31:55 Plate Mail Armor
31:53 Conscription
32:53 Iron Casting
31:41 Hamask
32:08 Onager
33:54 Caravan
34:13 Man-at-Arms
34:38 Gambesons
36:22 Coinage
37:16 Blast Furnace
37:20 Chemistry
36:16 Long Swordsman
37:59 Banking
38:13 Masonry
ElMaestro
11:00 Feudal Age
14:36 Castle Age
13:30 Double-Bit Axe
17:23 Bow Saw
18:26 Horse Collar
19:17 Fishing Lines
23:25 Gillnets
24:16 Wheelbarrow
24:14 Heavy Plow
25:25 Gold Mining
25:28 Stone Mining
26:33 Hand Cart
26:05 Loom
29:57 Imperial Age
28:51 Scale Barding Armor
28:57 Forging
29:00 Caravan
30:37 Chain Barding Armor
30:07 Elite Jarl
31:08 Conscription
31:05 Guilds
32:14 Siege Engineers
33:11 Chemistry
32:32 Ballistics
32:25 Masonry
32:52 Plate Barding Armor
32:53 Iron Casting
32:21 Husbandry
32:31 Bloodlines
35:06 Conscription
37:28 Blast Furnace
38:16 Architecture
37:49 Fletching
40:09 Bodkin Arrow
smithy10w
0:26 Loom
10:18 Feudal Age
11:06 Double-Bit Axe
11:03 Horse Collar
17:02 Fletching
20:38 Castle Age
20:06 Scale Mail Armor
21:38 Bow Saw
21:29 Heavy Plow
22:09 Wheelbarrow
25:42 Hand Cart
25:13 Town Watch
27:17 Gold Mining
27:17 Stone Mining
27:29 Stone Mining
29:05 Gold Shaft Mining
29:05 Stone Shaft Mining
30:54 Chain Mail Armor
33:52 Imperial Age
32:18 Masonry
32:57 Forging
33:23 First Crusade
34:30 Iron Casting
33:50 Bodkin Arrow
34:20 Ballistics
35:04 Conscription
35:42 Plate Mail Armor
34:41 Capped Ram
36:25 Chemistry
35:30 Siege Engineers
35:40 Siege Ram
36:21 Elite Serjeant
40:02 Squires
39:59 Arson
40:59 Caravan
40:27 Onager
上帝惡魔楊宗翰
10:21 Feudal Age
14:59 Castle Age
13:28 Double-Bit Axe
15:30 Bloodlines
15:40 Scale Barding Armor
17:03 Forging
18:57 Loom
22:44 Chain Barding Armor
23:20 Wheelbarrow
24:44 Iron Casting
25:25 Bloodlines
26:18 Gold Mining
26:41 Husbandry
29:59 Horse Collar
37:25 Imperial Age
35:36 Hand Cart
35:07 Town Watch
35:49 Fortified Wall
35:57 Bow Saw
42:04 Plate Barding Armor
42:05 Elite Battle Elephant
43:18 Heavy Plow
45:50 Blast Furnace
45:50 Crop Rotation
騷護士
0:40 Loom
9:45 Feudal Age
9:55 Man-at-Arms
11:07 Arson
18:56 Double-Bit Axe
19:52 Wheelbarrow
27:25 Castle Age
25:31 Scale Mail Armor
27:29 Pikeman
30:15 Squires
30:02 Gambesons
30:36 Chain Mail Armor
Connection lost

Rejoining the realm…

Still unreachable

The connection could not be restored.

Session expired

The server has moved on; the page needs a fresh start.